Stars vs Blues

Created - 9 décembre 2021 at 17:45

Goals
1 2 3 T
Stars 2 0 0 2
Blues 2 0 2 4
Shots
1 2 3 T
Stars 10 11 10 31
Blues 19 14 8 41

1st period

1. Stars , Ryan Strome 12 (Alec Martinez 11, Mikko Rantanen 15) at 1:47
2. Stars , Adam Henrique 6 (J.T. Compher 3, Marc Staal 6) at 11:05
3. Blues , MacKenzie Weegar 3 (Tom Wilson 7, Jamie Benn 7) at 13:06 (PP)
4. Blues , Tom Wilson 8 (Jamie Benn 8, Torey Krug 8) at 18:02 (PP)

Penalties :
Brad Hunt (DAL) for Hooking (Minor) at 11:34, Jaroslav Halak (DAL) for Slashing (Minor) at 17:48 - Mikko Rantanen served the penalty

2nd period

No Goal

Penalties :
No Penalty

3rd period

5. Blues , Pavel Buchnevich 9 (Jordan Staal 12, Torey Krug 9) at 1:52 (PP)
6. Blues , MacKenzie Weegar 4 (Jordan Staal 13, Pavel Buchnevich 14) at 19:48

Penalties :
Mikko Rantanen (DAL) for Hooking (Minor) at 1:18

Goalie Stats

Jaroslav Halak (DAL), 37 saves from 41 shots - (0,902), L, 4-7-2, 59:22 minutes
Jonathan Quick (STL), 29 saves from 31 shots - (0,935), W, 3-0-0, 60:00 minutes

Players Stats for Stars

Player Name              G  A  P  +/- PIM S  H  SB GA TA FO     MP     PP MP  PK MP  
------------------------------------------------------------------------------------
Adam Henrique            1  0  1   1  0   5  1  0  0  0  2/9    15:24   0:00   0:00 
Alec Martinez            0  1  1   1  0   0  0  0  0  1  0/0    17:29   0:00   1:50 
Brad Hunt                0  0  0   0  2   2  2  1  0  1  0/0    22:25   0:00   0:48 
Brandon Sutter           0  0  0   0  0   2  2  0  0  0  0/0    14:49   0:00   0:00 
Brendan Gallagher        0  0  0   0  0   2  1  0  0  0  0/0    18:26   0:00   0:35 
Cedric Paquette          0  0  0   0  0   0  3  1  0  0  1/1    14:47   0:00   0:00 
Colin Blackwell          0  0  0   0  0   1  1  0  0  0  0/2     9:25   0:00   0:00 
Derrick Pouliot          0  0  0   0  0   1  1  2  0  0  0/0    17:45   0:00   0:00 
Dylan Strome             0  0  0   0  0   2  0  1  1  0  5/12   16:41   0:00   1:45 
J.T. Compher             0  1  1   1  0   2  2  1  1  1  0/0    17:16   0:00   1:45 
Joe Thornton             0  0  0   1  0   1  0  2  1  0  0/2    16:00   0:00   0:35 
Marc Staal               0  1  1   0  0   1  0  2  0  1  0/0    20:53   0:00   0:30 
Max Jones                0  0  0   0  0   0  0  0  0  0  0/0     9:55   0:00   0:00 
Michael Stone            0  0  0   1  0   0  0  1  0  0  0/0    18:20   0:00   0:30 
Mikko Rantanen           0  1  1   0  2   4  1  0  1  1  0/1    17:55   0:00   0:00 
Paul Byron               0  0  0   0  0   1  2  0  0  0  0/0     9:58   0:00   0:00 
Ryan Strome              1  0  1   0  0   3  1  0  1  0  9/20   17:03   0:00   0:00 
Thomas Chabot            0  0  0   0  0   4  3  2  1  2  0/0    23:07   0:00   1:02 

Players Stats for Blues

Player Name              G  A  P  +/- PIM S  H  SB GA TA FO     MP     PP MP  PK MP  
------------------------------------------------------------------------------------
Anthony Cirelli          0  0  0  -2  0   1  1  1  0  0  10/18  19:58   1:08   0:00 
Artturi Lehkonen         0  0  0   0  0   0  0  0  0  0  0/0    12:07   0:00   0:00 
Evan Rodrigues           0  0  0   0  0   4  1  0  0  0  0/0    12:03   0:00   0:00 
Gemel Smith              0  0  0   0  0   2  0  0  1  0  4/4    12:21   0:00   0:00 
Jamie Benn               0  2  2   0  0   2  1  0  1  0  1/3    14:41   1:12   0:00 
Jarred Tinordi           0  0  0  -1  0   4  1  1  0  0  0/0    15:17   0:00   0:00 
Jordan Staal             0  2  2   1  0   5  2  0  0  0  9/10   15:40   1:08   0:00 
Jordie Benn              0  0  0   0  0   0  1  0  0  0  0/0     2:51   0:00   0:00 
MacKenzie Weegar         2  0  2   1  0   3  1  0  0  2  0/0    21:40   0:58   0:00 
Marcus Johansson         0  0  0   0  0   5  1  0  0  1  4/8    12:00   0:00   0:00 
Matt Martin              0  0  0   0  0   2  2  0  0  0  0/0    12:03   0:00   0:00 
Michael Bunting          0  0  0   1  0   0  0  0  0  0  0/0     2:10   0:00   0:00 
Morgan Rielly            0  0  0  -1  0   3  0  0  0  0  0/0    20:29   1:22   0:00 
Neal Pionk               0  0  0  -1  0   2  5  1  0  0  0/0    20:05   0:58   0:00 
Patrik Laine             0  0  0  -2  0   1  2  0  0  1  1/2    19:42   1:12   0:00 
Pavel Buchnevich         1  1  2  -1  0   4  1  1  2  0  1/1    20:57   1:08   0:00 
Tom Wilson               1  1  2   0  0   3  1  0  0  0  0/1    14:41   1:12   0:00 
Torey Krug               0  2  2   0  0   0  2  0  2  1  0/0    22:53   1:22   0:00 
Will Butcher             0  0  0   0  0   0  0  0  1  0  0/0    16:45   0:00   0:00 
Zach Sanford             0  0  0   0  0   0  0  2  0  1  0/0    11:37   0:00   0:00 

3 Stars

1 - MacKenzie Weegar (STL)
2 - Tom Wilson (STL)
3 - Jordan Staal (STL)

Power Play

Stars - 0 on 0 Attempt(s) - 0,00%
Blues - 3 on 3 Attempt(s) - 100,00%

Penalty Kill

Stars - 0 on 3 Attempt(s) - 0,00% - Score 0 goal in Penalty Kill
Blues - 0 on 0 Attempt(s) - 0,00% - Score 0 goal in Penalty Kill

Team Stat

Stars - Hits : 20 - Faceoff Wins : 17 - Blocked Shots : 13 - Penalty Minutes : 6
Blues - Hits : 22 - Faceoff Wins : 30 - Blocked Shots : 6 - Penalty Minutes : 0

Official

Referees : Andrew Wilk and Steve Kozari
Linesman : David Brisebois and Tyson Baker

Game Notes

No Game Note

Finance

Level 1 -- Attendance: 4436 (73,93%) -- Ticket Income 443 600 $
Level 2 -- Attendance: 5000 (100,00%) -- Ticket Income 300 000 $
Level 3 -- Attendance: 1608 (80,40%) -- Ticket Income 64 320 $
Level 4 -- Attendance: 2376 (59,40%) -- Ticket Income 71 280 $
Luxury Box -- Attendance: 755 (75,50%) -- Ticket Income 151 000 $
Game was played at the St.Louis Garden.
Total Attendance: 14175 (78,75%)
Total Ticket Income: 1 030 200 $
Other Income: 504 798 $
Total Income: 1 534 998 $

Stars

5 vs 5 Forward 
   Center                   Left Wing                Right Wing               Time % Phy DF OF 
 1 Ryan Strome              Mikko Rantanen           Brendan Gallagher        33     1   0  4  
 2 Adam Henrique            Joe Thornton             J.T. Compher             29     1   0  4  
 3 Dylan Strome             Cedric Paquette          Brandon Sutter           25     1   2  2  
 4 Colin Blackwell          Max Jones                Paul Byron               13     1   2  2  

5 vs 5 Defense 
   Defense                  Defense                                           Time % Phy DF OF 
 1 Brad Hunt                Thomas Chabot                                     40     1   2  2  
 2 Marc Staal               Derrick Pouliot                                   30     1   2  2  
 3 Michael Stone            Alec Martinez                                     20     1   2  2  
 4 Marc Staal               Michael Stone                                     10     1   2  2  

PowerPlay Forward 
   Center                   Left Wing                Right Wing               Time % Phy DF OF 
 1 Ryan Strome              Mikko Rantanen           Brendan Gallagher        60     0   1  4  
 2 Dylan Strome             Joe Thornton             Adam Henrique            40     0   1  4  

PowerPlay Defense
   Defense                  Defense                                           Time % Phy DF OF 
 1 Alec Martinez            Thomas Chabot                                     60     1   2  2  
 2 Marc Staal               Derrick Pouliot                                   40     1   2  2  

Penalty Kill 4 Players Forward 
   Center                   Wing                     Time % Phy DF OF 
 1 Dylan Strome             J.T. Compher             60     1   3  1  
 2 Joe Thornton             Brendan Gallagher        40     1   3  1  

Penalty Kill 4 Players Defense
   Defense                  Defense                  Time % Phy DF OF 
 1 Alec Martinez            Brad Hunt                60     2   3  0  
 2 Marc Staal               Michael Stone            40     2   3  0  

Penalty Kill - 3 Players Forward 
   Forward                                           Time % Phy DF OF 
 1 Adam Henrique                                     60     1   2  2  
 2 Ryan Strome                                       40     1   2  2  

Penalty Kill - 3 Players Defense
   Defense                  Defense                  Time % Phy DF OF 
 1 Marc Staal               Alec Martinez            60     1   2  2  
 2 Michael Stone            Derrick Pouliot          40     1   2  2  

4 vs 4 Forward 
   Center                   Wing                     Time % Phy DF OF 
 1 Ryan Strome              Brendan Gallagher        60     1   2  2  
 2 Adam Henrique            Paul Byron               40     1   2  2  

4 vs 4 Defense
   Defense                  Defense                  Time % Phy DF OF 
 1 Thomas Chabot            Brad Hunt                60     1   2  2  
 2 Marc Staal               Alec Martinez            40     1   2  2  

Last Minutes Offensive
   Center                   Left Wing                Right Wing               Defense                  Defense                  
   Ryan Strome              Mikko Rantanen           Brendan Gallagher        Alec Martinez            Thomas Chabot            

Last Minutes Defensive
   Center                   Left Wing                Right Wing               Defense                  Defense                  
   Dylan Strome             Paul Byron               J.T. Compher             Brad Hunt                Marc Staal               

Goaltenders
Starting : Jaroslav Halak           
Backup : Thomas Greiss            

Extra Forwards
Normal : Paul Byron, Dylan Strome, Joe Thornton - PP : Paul Byron, Dylan Strome - PK : Joe Thornton
Extra Defensemen
Normal : Michael Stone, Thomas Chabot, Marc Staal - PP : Derrick Pouliot - PK : Thomas Chabot, Marc Staal
Penalty Shots
Dylan Strome, Ryan Strome, Brendan Gallagher, Adam Henrique, J.T. Compher
Custom OT Lines Forwards
Ryan Strome, Mikko Rantanen, Brendan Gallagher, Adam Henrique, J.T. Compher, Dylan Strome, Joe Thornton, Brandon Sutter, Paul Byron, Max Jones
Custom OT Lines Defensemen
Thomas Chabot, Brad Hunt, Alec Martinez, Marc Staal, Derrick Pouliot

Scratches
Chris Tanev (Right Wrist Injury), Juuso Riikola (Sprained Left Ankle Injury), Hunter Shepard (Healthy)

Blues

5 vs 5 Forward 
   Center                   Left Wing                Right Wing               Time % Phy DF OF 
 1 Anthony Cirelli          Pavel Buchnevich         Patrik Laine             35     0   3  2  
 2 Jordan Staal             Jamie Benn               Tom Wilson               25     0   3  1  
 3 Marcus Johansson         Artturi Lehkonen         Zach Sanford             23     0   4  1  
 4 Gemel Smith              Evan Rodrigues           Matt Martin              17     0   4  1  

5 vs 5 Defense 
   Defense                  Defense                                           Time % Phy DF OF 
 1 MacKenzie Weegar         Torey Krug                                        37     1   3  1  
 2 Neal Pionk               Morgan Rielly                                     34     1   3  1  
 3 Jarred Tinordi           Will Butcher                                      29     1   4  0  
 4 Torey Krug               Jordie Benn                                       0      1   4  0  

PowerPlay Forward 
   Center                   Left Wing                Right Wing               Time % Phy DF OF 
 1 Jordan Staal             Pavel Buchnevich         Anthony Cirelli          50     1   0  2  
 2 Jamie Benn               Patrik Laine             Tom Wilson               50     2   0  3  

PowerPlay Defense
   Defense                  Defense                                           Time % Phy DF OF 
 1 MacKenzie Weegar         Neal Pionk                                        50     1   2  2  
 2 Torey Krug               Morgan Rielly                                     50     1   2  2  

Penalty Kill 4 Players Forward 
   Center                   Wing                     Time % Phy DF OF 
 1 Jordan Staal             Pavel Buchnevich         50     3   2  0  
 2 Jamie Benn               Anthony Cirelli          50     3   2  0  

Penalty Kill 4 Players Defense
   Defense                  Defense                  Time % Phy DF OF 
 1 MacKenzie Weegar         Morgan Rielly            50     1   2  2  
 2 Neal Pionk               Torey Krug               50     1   2  2  

Penalty Kill - 3 Players Forward 
   Forward                                           Time % Phy DF OF 
 1 Jordan Staal                                      60     2   3  0  
 2 Pavel Buchnevich                                  40     2   3  0  

Penalty Kill - 3 Players Defense
   Defense                  Defense                  Time % Phy DF OF 
 1 MacKenzie Weegar         Morgan Rielly            60     2   3  0  
 2 Neal Pionk               Torey Krug               40     2   3  0  

4 vs 4 Forward 
   Center                   Wing                     Time % Phy DF OF 
 1 Jordan Staal             Pavel Buchnevich         50     2   2  1  
 2 Jamie Benn               Patrik Laine             50     2   2  1  

4 vs 4 Defense
   Defense                  Defense                  Time % Phy DF OF 
 1 MacKenzie Weegar         Morgan Rielly            60     2   2  1  
 2 Neal Pionk               Torey Krug               40     1   2  2  

Last Minutes Offensive
   Center                   Left Wing                Right Wing               Defense                  Defense                  
   Jordan Staal             Pavel Buchnevich         Anthony Cirelli          MacKenzie Weegar         Morgan Rielly            

Last Minutes Defensive
   Center                   Left Wing                Right Wing               Defense                  Defense                  
   Jordan Staal             Pavel Buchnevich         Anthony Cirelli          MacKenzie Weegar         Morgan Rielly            

Goaltenders
Starting : Jonathan Quick           
Backup : Alex Stalock             

Extra Forwards
Normal : Michael Bunting, Marcus Johansson, Artturi Lehkonen - PP : Michael Bunting, Marcus Johansson - PK : Artturi Lehkonen
Extra Defensemen
Normal : Torey Krug, MacKenzie Weegar, Will Butcher - PP : Neal Pionk - PK : MacKenzie Weegar, Jordie Benn
Penalty Shots
Jordan Staal, Pavel Buchnevich, Jamie Benn, Anthony Cirelli, Patrik Laine
Custom OT Lines Forwards
Jordan Staal, Pavel Buchnevich, Jamie Benn, Anthony Cirelli, Tom Wilson, Patrik Laine, Marcus Johansson, Artturi Lehkonen, Zach Sanford, Gemel Smith
Custom OT Lines Defensemen
MacKenzie Weegar, Morgan Rielly, Neal Pionk, Torey Krug, Will Butcher

Scratches
Ty Smith (Healthy)

% Time on Ice - Stars

Lines # - Real PCT - Wanted PCT - Time Play
Normal Forward
1 - 28% - 33% - 16:02
2 - 32% - 29% - 18:05
3 - 24% - 25% - 13:34
4 - 16% - 13% - 8:58
Normal Defense
1 - 39% - 40% - 21:53
2 - 30% - 30% - 16:56
3 - 25% - 20% - 14:01
4 - 7% - 10% - 3:49
PP Forward
1 - 0% - 60%
2 - 0% - 40%
PP Defense
1 - 0% - 60%
2 - 0% - 40%
PK Forward
1 - 75% - 60% - 1:45
2 - 25% - 40% - 0:35
PK Defense
1 - 79% - 60% - 1:50
2 - 21% - 40% - 0:30
PK3 Forward
1 - 0% - 60%
2 - 0% - 40%
PK3 Defense
1 - 0% - 60%
2 - 0% - 40%
44 Forward
1 - 0% - 60%
2 - 0% - 40%
44 Defense
1 - 0% - 60%
2 - 0% - 40%
Last Minute Offensive  - 1:01
Last Minute Defensive  - 0:00
Total
Forward - 60:00
Defense - 60:00

% Time on Ice - Blues

Lines # - Real PCT - Wanted PCT - Time Play
Normal Forward
1 - 32% - 35% - 17:59
2 - 27% - 25% - 15:24
3 - 20% - 23% - 11:10
4 - 21% - 17% - 12:03
Normal Defense
1 - 34% - 37% - 19:21
2 - 34% - 34% - 19:07
3 - 27% - 29% - 15:17
4 - 5% - 0% - 2:51
PP Forward
1 - 49% - 50% - 1:08
2 - 51% - 50% - 1:12
PP Defense
1 - 41% - 50% - 0:58
2 - 59% - 50% - 1:22
PK Forward
1 - 0% - 50%
2 - 0% - 50%
PK Defense
1 - 0% - 50%
2 - 0% - 50%
PK3 Forward
1 - 0% - 60%
2 - 0% - 40%
PK3 Defense
1 - 0% - 60%
2 - 0% - 40%
44 Forward
1 - 0% - 50%
2 - 0% - 50%
44 Defense
1 - 0% - 60%
2 - 0% - 40%
Last Minute Offensive  - 0:00
Last Minute Defensive  - 1:04
Total
Forward - 60:00
Defense - 60:00

Play-by-Play

1st period


0:01 of 1st period - Anthony Cirelli wins face-off versus Ryan Strome in neutral zone.
0:09 of 1st period - Brad Hunt is hit by MacKenzie Weegar and loses puck.
1:28 of 1st period - Slapshot by Pavel Buchnevich.
1:28 of 1st period - Stopped by Jaroslav Halak without a rebound.
1:29 of 1st period - Ryan Strome wins face-off versus Anthony Cirelli in Stars zone.
1:29 of 1st period - Ryan Strome is hit by Anthony Cirelli.
1:41 of 1st period - Slapshot by Ryan Strome.
1:41 of 1st period - Shot Blocked by Anthony Cirelli.
1:43 of 1st period - Snap shot by Ryan Strome.
1:43 of 1st period - Shot Blocked by Pavel Buchnevich.
1:45 of 1st period - Slapshot by Alec Martinez.
1:45 of 1st period - Shot Misses the Net.
1:47 of 1st period - Wrist shot by Ryan Strome.
1:47 of 1st period - Deflect By Neal Pionk.
1:47 of 1st period - Goal by Ryan Strome - Stars : 1 - Blues : 0.
1:48 of 1st period - Jordan Staal wins face-off versus Adam Henrique in neutral zone.
1:55 of 1st period - Slapshot by Jordan Staal.
1:55 of 1st period - Shot Blocked by Marc Staal.
1:57 of 1st period - Slapshot by Jarred Tinordi.
1:57 of 1st period - Shot Misses the Net.
1:59 of 1st period - Snap shot by Jordan Staal.
1:59 of 1st period - Stopped by Jaroslav Halak with a rebound.
2:03 of 1st period - Snap shot by Jordan Staal.
2:03 of 1st period - Stopped by Jaroslav Halak with a rebound.
2:05 of 1st period - Slapshot by Jarred Tinordi.
2:05 of 1st period - Shot Misses the Net.
2:19 of 1st period - Jarred Tinordi is hit by Cedric Paquette and loses puck.
2:44 of 1st period - Slapshot by Patrik Laine.
2:44 of 1st period - Deflect By Anthony Cirelli.
2:44 of 1st period - Stopped by Jaroslav Halak with a rebound.
3:25 of 1st period - Ryan Strome is hit by Jordie Benn and loses puck.
3:56 of 1st period - Thomas Chabot is hit by Neal Pionk and loses puck.
6:04 of 1st period - Tom Wilson is hit by Brandon Sutter and loses puck.
6:15 of 1st period - Michael Stone is hit by Torey Krug and loses puck.
6:59 of 1st period - Snap shot by Evan Rodrigues.
6:59 of 1st period - Deflect By Gemel Smith.
6:59 of 1st period - Stopped by Jaroslav Halak with a rebound.
7:01 of 1st period - Wrist shot by Jarred Tinordi.
7:01 of 1st period - Stopped by Jaroslav Halak with a rebound.
7:03 of 1st period - Slapshot by Jarred Tinordi.
7:03 of 1st period - Shot Blocked by Thomas Chabot.
7:05 of 1st period - Slapshot by Jarred Tinordi.
7:05 of 1st period - Stopped by Jaroslav Halak with a rebound.
7:15 of 1st period - Wrist shot by Mikko Rantanen.
7:15 of 1st period - Stopped by Jonathan Quick with a rebound.
7:44 of 1st period - Snap shot by Patrik Laine.
7:44 of 1st period - Deflect By Anthony Cirelli.
7:44 of 1st period - Shot Blocked by J.T. Compher.
7:44 of 1st period - Puck is out of play.
7:45 of 1st period - Jordan Staal wins face-off versus Dylan Strome in Stars zone.
8:02 of 1st period - Wrist shot by Jordan Staal.
8:02 of 1st period - Stopped by Jaroslav Halak with a rebound.
8:40 of 1st period - Wrist shot by J.T. Compher.
8:40 of 1st period - Shot Misses the Net.
8:42 of 1st period - Slapshot by Marc Staal.
8:42 of 1st period - Deflect By J.T. Compher.
8:42 of 1st period - Stopped by Jonathan Quick with a rebound.
8:44 of 1st period - Slapshot by Marc Staal.
8:44 of 1st period - Stopped by Jonathan Quick with a rebound.
9:00 of 1st period - Wrist shot by Gemel Smith.
9:00 of 1st period - Shot Misses the Net.
10:18 of 1st period - Gemel Smith is hit by Paul Byron and loses puck.
11:05 of 1st period - Snap shot by Adam Henrique.
11:05 of 1st period - Goal by Adam Henrique - Stars : 2 - Blues : 0.
11:06 of 1st period - Anthony Cirelli wins face-off versus Ryan Strome in neutral zone.
11:34 of 1st period - Minor Penalty to Brad Hunt for Hooking.
11:35 of 1st period - Jordan Staal wins face-off versus Dylan Strome in Stars zone.
12:50 of 1st period - Snap shot by Jordan Staal.
12:50 of 1st period - Stopped by Jaroslav Halak without a rebound.
12:51 of 1st period - Jamie Benn wins face-off versus Dylan Strome in Stars zone.
13:04 of 1st period - Wrist shot by Tom Wilson.
13:04 of 1st period - Stopped by Jaroslav Halak with a rebound.
13:06 of 1st period - Snap shot by MacKenzie Weegar.
13:06 of 1st period - Goal by MacKenzie Weegar - Stars : 2 - Blues : 1.
13:07 of 1st period - Ryan Strome wins face-off versus Patrik Laine in neutral zone.
13:42 of 1st period - Wrist shot by Marcus Johansson.
13:42 of 1st period - Stopped by Jaroslav Halak with a rebound.
13:58 of 1st period - Slapshot by Thomas Chabot.
13:58 of 1st period - Shot Misses the Net.
14:00 of 1st period - Snap shot by Paul Byron.
14:00 of 1st period - Stopped by Jonathan Quick without a rebound.
14:01 of 1st period - Anthony Cirelli wins face-off versus Colin Blackwell in Blues zone.
14:01 of 1st period - Anthony Cirelli is hit by Paul Byron.
14:35 of 1st period - Slapshot by Thomas Chabot.
14:35 of 1st period - Stopped by Jonathan Quick with a rebound.
14:37 of 1st period - Wrist shot by Paul Byron.
14:37 of 1st period - Shot Blocked by Jarred Tinordi.
14:39 of 1st period - Snap shot by Brad Hunt.
14:39 of 1st period - Shot Misses the Net.
14:43 of 1st period - Slapshot by Thomas Chabot.
14:43 of 1st period - Deflect By Jarred Tinordi.
14:43 of 1st period - Stopped by Jonathan Quick without a rebound.
14:44 of 1st period - Ryan Strome wins face-off versus Anthony Cirelli in Blues zone.
14:49 of 1st period - Snap shot by Mikko Rantanen.
14:49 of 1st period - Stopped by Jonathan Quick without a rebound.
14:50 of 1st period - Anthony Cirelli wins face-off versus Ryan Strome in Blues zone.
15:48 of 1st period - Backhand shot by Marcus Johansson.
15:48 of 1st period - Stopped by Jaroslav Halak without a rebound.
15:49 of 1st period - Ryan Strome wins face-off versus Anthony Cirelli in Stars zone.
16:16 of 1st period - Derrick Pouliot is hit by Tom Wilson and loses puck.
16:27 of 1st period - Wrist shot by Tom Wilson.
16:27 of 1st period - Stopped by Jaroslav Halak with a rebound.
16:57 of 1st period - Snap shot by Max Jones.
16:57 of 1st period - Shot Misses the Net.
16:59 of 1st period - Slapshot by Marc Staal.
16:59 of 1st period - Deflect By Colin Blackwell.
16:59 of 1st period - Stopped by Jonathan Quick without a rebound.
17:00 of 1st period - Gemel Smith wins face-off versus Colin Blackwell in Blues zone.
17:35 of 1st period - Snap shot by Matt Martin.
17:35 of 1st period - Stopped by Jaroslav Halak without a rebound.
17:36 of 1st period - Ryan Strome wins face-off versus Anthony Cirelli in Stars zone.
17:46 of 1st period - Slapshot by Jarred Tinordi.
17:46 of 1st period - Stopped by Jaroslav Halak with a rebound.
17:48 of 1st period - Slapshot by Jarred Tinordi.
17:48 of 1st period - Stopped by Jaroslav Halak without a rebound.
17:48 of 1st period - Minor Penalty to Jaroslav Halak for Slashing.
17:49 of 1st period - Dylan Strome wins face-off versus Jamie Benn in Stars zone.
18:02 of 1st period - Wrist shot by Tom Wilson.
18:02 of 1st period - Goal by Tom Wilson - Stars : 2 - Blues : 2.
18:03 of 1st period - Pavel Buchnevich wins face-off versus Joe Thornton in neutral zone.
18:08 of 1st period - Snap shot by Pavel Buchnevich.
18:08 of 1st period - Stopped by Jaroslav Halak with a rebound.
18:14 of 1st period - Brad Hunt is hit by Patrik Laine and loses puck.
18:29 of 1st period - Tom Wilson is hit by Brendan Gallagher and loses puck.
18:38 of 1st period - Wrist shot by Mikko Rantanen.
18:38 of 1st period - Shot Misses the Net.
19:02 of 1st period - Slapshot by Paul Byron.
19:02 of 1st period - Shot Misses the Net.
19:14 of 1st period - Backhand shot by Marcus Johansson.
19:14 of 1st period - Shot Blocked by Dylan Strome.
19:58 of 1st period - Slapshot by Morgan Rielly.
19:58 of 1st period - Shot Misses the Net.
Goals for this period are 2 for Stars vs 2 for Blues.
Shots for this period are 10 for Stars vs 19 for Blues.

2nd period


0:01 of 2nd period - Anthony Cirelli wins face-off versus Ryan Strome in neutral zone.
0:08 of 2nd period - Wrist shot by Pavel Buchnevich.
0:08 of 2nd period - Stopped by Jaroslav Halak with a rebound.
0:14 of 2nd period - Wrist shot by Mikko Rantanen.
0:14 of 2nd period - Shot Misses the Net.
0:16 of 2nd period - Wrist shot by Brad Hunt.
0:16 of 2nd period - Stopped by Jonathan Quick without a rebound.
0:17 of 2nd period - Jordan Staal wins face-off versus Adam Henrique in Blues zone.
0:49 of 2nd period - Slapshot by Ryan Strome.
0:49 of 2nd period - Stopped by Jonathan Quick without a rebound.
0:50 of 2nd period - Anthony Cirelli wins face-off versus Ryan Strome in Blues zone.
1:42 of 2nd period - Wrist shot by Mikko Rantanen.
1:42 of 2nd period - Stopped by Jonathan Quick without a rebound.
1:43 of 2nd period - Dylan Strome wins face-off versus Marcus Johansson in Blues zone.
2:14 of 2nd period - Wrist shot by J.T. Compher.
2:14 of 2nd period - Stopped by Jonathan Quick with a rebound.
2:16 of 2nd period - Slapshot by Thomas Chabot.
2:16 of 2nd period - Deflect By Anthony Cirelli.
2:16 of 2nd period - Stopped by Jonathan Quick without a rebound.
2:17 of 2nd period - Cedric Paquette wins face-off versus Anthony Cirelli in Blues zone.
2:46 of 2nd period - Matt Martin is hit by Adam Henrique and loses puck.
3:07 of 2nd period - Wrist shot by Ryan Strome.
3:07 of 2nd period - Stopped by Jonathan Quick with a rebound.
3:16 of 2nd period - Icing by Torey Krug.
3:17 of 2nd period - Dylan Strome wins face-off versus Jordan Staal in Blues zone.
3:21 of 2nd period - Icing by MacKenzie Weegar.
3:22 of 2nd period - Jordan Staal wins face-off versus Dylan Strome in Blues zone.
3:27 of 2nd period - Backhand shot by Tom Wilson.
3:27 of 2nd period - Shot Misses the Net.
3:35 of 2nd period - Slapshot by Jamie Benn.
3:35 of 2nd period - Stopped by Jaroslav Halak without a rebound.
3:36 of 2nd period - Anthony Cirelli wins face-off versus Adam Henrique in Stars zone.
4:02 of 2nd period - Derrick Pouliot is hit by Matt Martin and loses puck.
4:07 of 2nd period - Slapshot by Gemel Smith.
4:07 of 2nd period - Stopped by Jaroslav Halak with a rebound.
4:09 of 2nd period - Snap shot by Matt Martin.
4:09 of 2nd period - Stopped by Jaroslav Halak with a rebound.
4:11 of 2nd period - Snap shot by Morgan Rielly.
4:11 of 2nd period - Stopped by Jaroslav Halak with a rebound.
4:13 of 2nd period - Snap shot by Evan Rodrigues.
4:13 of 2nd period - Stopped by Jaroslav Halak without a rebound.
4:14 of 2nd period - Marcus Johansson wins face-off versus Ryan Strome in Stars zone.
4:19 of 2nd period - Slapshot by Morgan Rielly.
4:19 of 2nd period - Stopped by Jaroslav Halak with a rebound.
4:21 of 2nd period - Snap shot by Neal Pionk.
4:21 of 2nd period - Shot Blocked by Thomas Chabot.
4:43 of 2nd period - Slapshot by Thomas Chabot.
4:43 of 2nd period - Stopped by Jonathan Quick with a rebound.
4:45 of 2nd period - Snap shot by Brandon Sutter.
4:45 of 2nd period - Stopped by Jonathan Quick with a rebound.
5:03 of 2nd period - Alec Martinez is hit by Jordan Staal and loses puck.
5:12 of 2nd period - Colin Blackwell is hit by Neal Pionk and loses puck.
5:23 of 2nd period - Wrist shot by Alec Martinez.
5:23 of 2nd period - Deflect By Adam Henrique.
5:23 of 2nd period - Shot Misses the Net.
5:23 of 2nd period - Puck is out of play.
5:24 of 2nd period - Gemel Smith wins face-off versus Adam Henrique in Blues zone.
7:19 of 2nd period - Wrist shot by Marcus Johansson.
7:19 of 2nd period - Stopped by Jaroslav Halak without a rebound.
7:20 of 2nd period - Anthony Cirelli wins face-off versus Ryan Strome in Stars zone.
7:33 of 2nd period - Wrist shot by Patrik Laine.
7:33 of 2nd period - Deflect By Pavel Buchnevich.
7:33 of 2nd period - Shot Blocked by Derrick Pouliot.
7:33 of 2nd period - Puck is out of play.
7:34 of 2nd period - Adam Henrique wins face-off versus Marcus Johansson in Stars zone.
8:05 of 2nd period - Off-side.
8:06 of 2nd period - Ryan Strome wins face-off versus Anthony Cirelli in neutral zone.
9:54 of 2nd period - Slapshot by Mikko Rantanen.
9:54 of 2nd period - Shot Misses the Net.
10:04 of 2nd period - Wrist shot by Patrik Laine.
10:04 of 2nd period - Stopped by Jaroslav Halak without a rebound.
10:05 of 2nd period - Jordan Staal wins face-off versus Dylan Strome in Stars zone.
10:32 of 2nd period - MacKenzie Weegar is hit by J.T. Compher and loses puck.
10:55 of 2nd period - Backhand shot by Evan Rodrigues.
10:55 of 2nd period - Stopped by Jaroslav Halak with a rebound.
10:57 of 2nd period - Slapshot by MacKenzie Weegar.
10:57 of 2nd period - Stopped by Jaroslav Halak with a rebound.
11:09 of 2nd period - Slapshot by Jordan Staal.
11:09 of 2nd period - Shot Blocked by Derrick Pouliot.
11:15 of 2nd period - Jordan Staal is hit by Brandon Sutter and loses puck.
11:28 of 2nd period - Marcus Johansson is hit by J.T. Compher and loses puck.
11:39 of 2nd period - Gemel Smith is hit by Thomas Chabot and loses puck.
12:05 of 2nd period - Torey Krug is hit by Brad Hunt.
12:31 of 2nd period - Paul Byron is hit by Neal Pionk.
13:03 of 2nd period - Cedric Paquette is hit by Jamie Benn and loses puck.
16:03 of 2nd period - MacKenzie Weegar is hit by Colin Blackwell and loses puck.
16:10 of 2nd period - Colin Blackwell is hit by Jarred Tinordi and loses puck.
16:41 of 2nd period - Off-side.
16:42 of 2nd period - Dylan Strome wins face-off versus Marcus Johansson in neutral zone.
16:45 of 2nd period - Snap shot by Cedric Paquette.
16:45 of 2nd period - Shot Blocked by Zach Sanford.
17:14 of 2nd period - Wrist shot by Mikko Rantanen.
17:14 of 2nd period - Shot Blocked by Neal Pionk.
17:18 of 2nd period - Wrist shot by Brendan Gallagher.
17:18 of 2nd period - Stopped by Jonathan Quick without a rebound.
17:19 of 2nd period - Adam Henrique wins face-off versus Tom Wilson in Blues zone.
17:20 of 2nd period - Snap shot by Joe Thornton.
17:20 of 2nd period - Stopped by Jonathan Quick with a rebound.
17:46 of 2nd period - Brad Hunt is hit by Pavel Buchnevich and loses puck.
18:13 of 2nd period - Slapshot by Morgan Rielly.
18:13 of 2nd period - Stopped by Jaroslav Halak with a rebound.
18:15 of 2nd period - Wrist shot by Marcus Johansson.
18:15 of 2nd period - Stopped by Jaroslav Halak with a rebound.
18:17 of 2nd period - Slapshot by Neal Pionk.
18:17 of 2nd period - Stopped by Jaroslav Halak with a rebound.
18:19 of 2nd period - Slapshot by Morgan Rielly.
18:19 of 2nd period - Shot Blocked by Michael Stone.
18:44 of 2nd period - Max Jones is hit by Matt Martin and loses puck.
19:20 of 2nd period - Slapshot by Mikko Rantanen.
19:20 of 2nd period - Shot Misses the Net.
19:22 of 2nd period - Wrist shot by Derrick Pouliot.
19:22 of 2nd period - Shot Hit the Post.
19:24 of 2nd period - Wrist shot by Derrick Pouliot.
19:24 of 2nd period - Deflect By Anthony Cirelli.
19:24 of 2nd period - Stopped by Jonathan Quick without a rebound.
19:25 of 2nd period - Patrik Laine wins face-off versus Dylan Strome in Blues zone.
19:25 of 2nd period - Patrik Laine is hit by Thomas Chabot.
Goals for this period are 0 for Stars vs 0 for Blues.
Shots for this period are 11 for Stars vs 14 for Blues.

3rd period


0:01 of 3rd period - Ryan Strome wins face-off versus Anthony Cirelli in neutral zone.
0:10 of 3rd period - Wrist shot by Ryan Strome.
0:10 of 3rd period - Shot Misses the Net.
0:12 of 3rd period - Wrist shot by Brendan Gallagher.
0:12 of 3rd period - Shot Misses the Net.
0:14 of 3rd period - Wrist shot by Brendan Gallagher.
0:14 of 3rd period - Stopped by Jonathan Quick without a rebound.
0:15 of 3rd period - Jordan Staal wins face-off versus Adam Henrique in Blues zone.
0:20 of 3rd period - Joe Thornton is hit by Jordan Staal and loses puck.
0:31 of 3rd period - Snap shot by Adam Henrique.
0:31 of 3rd period - Stopped by Jonathan Quick with a rebound.
0:41 of 3rd period - Torey Krug is hit by Cedric Paquette and loses puck.
0:46 of 3rd period - Wrist shot by Dylan Strome.
0:46 of 3rd period - Stopped by Jonathan Quick with a rebound.
0:54 of 3rd period - Wrist shot by Dylan Strome.
0:54 of 3rd period - Stopped by Jonathan Quick without a rebound.
0:55 of 3rd period - Ryan Strome wins face-off versus Anthony Cirelli in Blues zone.
1:10 of 3rd period - Wrist shot by Patrik Laine.
1:10 of 3rd period - Shot Misses the Net.
1:12 of 3rd period - Snap shot by Morgan Rielly.
1:12 of 3rd period - Shot Misses the Net.
1:18 of 3rd period - Minor Penalty to Mikko Rantanen for Hooking.
1:19 of 3rd period - Dylan Strome wins face-off versus Jamie Benn in Stars zone.
1:30 of 3rd period - Slapshot by Jamie Benn.
1:30 of 3rd period - Shot Misses the Net.
1:52 of 3rd period - Snap shot by Pavel Buchnevich.
1:52 of 3rd period - Goal by Pavel Buchnevich - Stars : 2 - Blues : 3.
1:53 of 3rd period - Ryan Strome wins face-off versus Marcus Johansson in neutral zone.
2:02 of 3rd period - Snap shot by Mikko Rantanen.
2:02 of 3rd period - Stopped by Jonathan Quick with a rebound.
2:04 of 3rd period - Slapshot by Mikko Rantanen.
2:04 of 3rd period - Shot Blocked by Zach Sanford.
2:06 of 3rd period - Slapshot by Brad Hunt.
2:06 of 3rd period - Stopped by Jonathan Quick with a rebound.
2:25 of 3rd period - Slapshot by Pavel Buchnevich.
2:25 of 3rd period - Shot Blocked by Joe Thornton.
3:05 of 3rd period - Max Jones is hit by Torey Krug and loses puck.
4:26 of 3rd period - Off-side.
4:27 of 3rd period - Gemel Smith wins face-off versus Ryan Strome in neutral zone.
5:24 of 3rd period - Off-side.
5:25 of 3rd period - Marcus Johansson wins face-off versus Ryan Strome in neutral zone.
5:32 of 3rd period - Slapshot by Marcus Johansson.
5:32 of 3rd period - Stopped by Jaroslav Halak with a rebound.
5:50 of 3rd period - Adam Henrique is hit by Neal Pionk and loses puck.
6:17 of 3rd period - Wrist shot by Jamie Benn.
6:17 of 3rd period - Stopped by Jaroslav Halak without a rebound.
6:18 of 3rd period - Jordan Staal wins face-off versus Adam Henrique in Stars zone.
6:21 of 3rd period - Snap shot by Jamie Benn.
6:21 of 3rd period - Shot Misses the Net.
6:29 of 3rd period - Snap shot by Adam Henrique.
6:29 of 3rd period - Stopped by Jonathan Quick with a rebound.
6:31 of 3rd period - Slapshot by Joe Thornton.
6:31 of 3rd period - Shot Misses the Net.
6:33 of 3rd period - Wrist shot by Adam Henrique.
6:33 of 3rd period - Stopped by Jonathan Quick with a rebound.
6:43 of 3rd period - Mikko Rantanen is hit by Patrik Laine and loses puck.
7:09 of 3rd period - Wrist shot by Brandon Sutter.
7:09 of 3rd period - Stopped by Jonathan Quick without a rebound.
7:10 of 3rd period - Gemel Smith wins face-off versus Dylan Strome in Blues zone.
7:10 of 3rd period - Gemel Smith is hit by Thomas Chabot.
7:20 of 3rd period - Snap shot by Gemel Smith.
7:20 of 3rd period - Deflect By Evan Rodrigues.
7:20 of 3rd period - Stopped by Jaroslav Halak with a rebound.
7:48 of 3rd period - Will Butcher is hit by Brad Hunt and loses puck.
8:23 of 3rd period - Thomas Chabot is hit by Neal Pionk and loses puck.
8:32 of 3rd period - Slapshot by Matt Martin.
8:32 of 3rd period - Shot Blocked by Brad Hunt.
8:38 of 3rd period - Matt Martin is hit by Cedric Paquette and loses puck.
9:03 of 3rd period - Snap shot by Dylan Strome.
9:03 of 3rd period - Shot Misses the Net.
9:18 of 3rd period - Wrist shot by Evan Rodrigues.
9:18 of 3rd period - Stopped by Jaroslav Halak with a rebound.
9:20 of 3rd period - Slapshot by MacKenzie Weegar.
9:20 of 3rd period - Shot Misses the Net.
9:26 of 3rd period - Slapshot by Torey Krug.
9:26 of 3rd period - Deflect By Gemel Smith.
9:26 of 3rd period - Deflect By Cedric Paquette.
9:26 of 3rd period - Shot Blocked by Cedric Paquette.
9:26 of 3rd period - Puck is out of play.
9:27 of 3rd period - Anthony Cirelli wins face-off versus Joe Thornton in Stars zone.
9:34 of 3rd period - Wrist shot by Adam Henrique.
9:34 of 3rd period - Stopped by Jonathan Quick without a rebound.
9:35 of 3rd period - Anthony Cirelli wins face-off versus Adam Henrique in Blues zone.
10:26 of 3rd period - Anthony Cirelli is hit by Derrick Pouliot and loses puck.
11:01 of 3rd period - Slapshot by Anthony Cirelli.
11:01 of 3rd period - Shot Misses the Net.
11:25 of 3rd period - Snap shot by Patrik Laine.
11:25 of 3rd period - Shot Blocked by Joe Thornton.
11:27 of 3rd period - Slapshot by Neal Pionk.
11:27 of 3rd period - Stopped by Jaroslav Halak with a rebound.
11:29 of 3rd period - Slapshot by Morgan Rielly.
11:29 of 3rd period - Deflect By Anthony Cirelli.
11:29 of 3rd period - Shot Misses the Net.
11:29 of 3rd period - Puck is out of play.
11:30 of 3rd period - Marcus Johansson wins face-off versus Ryan Strome in Stars zone.
12:18 of 3rd period - Torey Krug is hit by Ryan Strome and loses puck.
13:13 of 3rd period - Brandon Sutter is hit by Marcus Johansson and loses puck.
13:49 of 3rd period - Mikko Rantanen is hit by Evan Rodrigues and loses puck.
18:58 of 3rd period - Pavel Buchnevich is hit by Mikko Rantanen and loses puck.
19:01 of 3rd period - Stars, Jaroslav Halak is pulled from the net.
19:36 of 3rd period - Backhand shot by Jordan Staal.
19:36 of 3rd period - Shot Misses the Net.
19:38 of 3rd period - Slapshot by Will Butcher.
19:38 of 3rd period - Deflect By Jordan Staal.
19:38 of 3rd period - Shot Blocked by Marc Staal.
19:38 of 3rd period - Puck is out of play.
19:39 of 3rd period - Gerald Gallant call a timeout for Stars.
19:39 of 3rd period - Jaroslav Halak from Stars was sent back in the game.
19:39 of 3rd period - Jordan Staal wins face-off versus Ryan Strome in Stars zone.
19:46 of 3rd period - Wrist shot by Jordan Staal.
19:46 of 3rd period - Stopped by Jaroslav Halak with a rebound.
19:48 of 3rd period - Backhand shot by MacKenzie Weegar.
19:48 of 3rd period - Goal by MacKenzie Weegar - Stars : 2 - Blues : 4.
19:49 of 3rd period - Marcus Johansson wins face-off versus Mikko Rantanen in neutral zone.
Goals for this period are 0 for Stars vs 2 for Blues.
Shots for this period are 10 for Stars vs 8 for Blues. Output by the SimonT Hockey Simulator (STHS) for Eric Tremblay - Original Page W3C HTML5 Valid
Hockey Simulator - Hockey Simulation - Hockey Manager